MWL (24 & UNDER)
PLUMSTEAD EAGLES @ LEE'S SUMMIT TIGERS
08/20/2030
 
TOP OF THE 1ST
Plumstead Eagles batting - Pitching for Lee's Summit Tigers : RHP Armando Vargas
Pitching: RHP Armando Vargas
Batting: RHB Wayne Workman 0-0: Ball
1-0: DOUBLE (Line Drive, 89D)
Batting: LHB António Álvarez 0-0: Ground out U3 (Groundball, 3)
Wayne Workman to third
Batting: LHB Conan Bush 0-0: Swinging Strike
0-1: Swinging Strike
0-2: Foul Ball, location: 2F
0-2: Ball
1-2: Fly out, F8 (Flyball, 8LS)
Runner from 3rd tags up, SCORES, no throw
Batting: LHB Miguel Gamboa 0-0: Ball
1-0: Swinging Strike
1-1: Foul Ball, location: 2F
1-2: SOLO HOME RUN (Flyball, 9LD), Distance : 328 ft
Batting: LHB Joe Rutherford 0-0: Ball
1-0: Called Strike
1-1: Swinging Strike
1-2: Strikes out looking
Top of the 1st over - 2 runs, 2 hits, 0 errors, 0 left on base; Plumstead 2 - Lee's Summit 0
BOTTOM OF THE 1ST
Lee's Summit Tigers batting - Pitching for Plumstead Eagles : LHP Luis Hernández
Pitching: LHP Luis Hernández
Batting: RHB José Deleón 0-0: Ball
1-0: Foul Ball, location: 2F
1-1: SINGLE (Line Drive, 4MD)
Batting: RHB William Flores 0-0: Called Strike
0-1: Swinging Strike
0-2: Foul Ball, location: 2F
0-2: Hit by Pitch
José Deleón to second
Batting: LHB Brian Lawson 0-0: SINGLE (Groundball, 34D)
José Deleón to third
William Flores to second
Runner from 3rd tries for Home, SAFE, no throw
Batting: RHB Tommy Smith 0-0: Foul Ball, location: 2F
0-1: Ball
1-1: Called Strike
1-2: Strikes out swinging
Batting: LHB Víctor Piña 0-0: Fly out, F9 (Flyball, 89D)
Runner from 2nd tags up, SAFE at 3rd, no throw
Batting: RHB Juan Rodríguez 0-0: Called Strike
0-1: Ball
1-1: SINGLE (Line Drive, 89M)
William Flores scores
Brian Lawson to second
Batting: LHB António Bonaccorsi 0-0: Called Strike
0-1: Reached on error, E4 (Groundball, 4S)
Brian Lawson scores
Juan Rodríguez to third
Batting: RHB Josh Martin 0-0: Ball
1-0: Called Strike
1-1: Ball
2-1: Fly out, F8 (Line Drive, 89M)
Bottom of the 1st over - 3 runs, 3 hits, 1 error, 2 left on base; Plumstead 2 - Lee's Summit 3
TOP OF THE 2ND
Plumstead Eagles batting - Pitching for Lee's Summit Tigers : RHP Armando Vargas
Batting: RHB Larry Johnson 0-0: Ball
1-0: Ball
2-0: Called Strike
2-1: Foul Ball, location: 2F
2-2: Foul Ball, location: 2F
2-2: Ground out 5-3 (Groundball, 56S)
Batting: RHB Jimmy Myers 0-0: Ball
1-0: Ball
2-0: Ball
3-0: Called Strike
3-1: Swinging Strike
3-2: Strikes out looking
Batting: LHB Roberto Alba 0-0: Ground out 6-3 (Groundball, 6)
Top of the 2nd over - 0 runs, 0 hits, 0 errors, 0 left on base; Plumstead 2 - Lee's Summit 3
BOTTOM OF THE 2ND
Lee's Summit Tigers batting - Pitching for Plumstead Eagles : LHP Luis Hernández
Batting: SHB Enrique Bartoccini 0-0: Called Strike
0-1: Called Strike
0-2: Ball
1-2: Ball
2-2: Ground out 6-3 (Groundball, 6)
Batting: RHB José Deleón 0-0: Called Strike
0-1: Called Strike
0-2: Ground out 6-3 (Groundball, 6S)
Batting: RHB William Flores 0-0: Ball
1-0: Ball
2-0: Foul Ball, location: 2F
2-1: Ball
3-1: Foul Ball, location: 2F
3-2: Base on Balls
Batting: LHB Brian Lawson 0-0: SINGLE (Line Drive, 7S)
William Flores to second
Runner from 2nd tries for 3rd, SAFE, no throw
Batting: RHB Tommy Smith 0-0: Ball
1-0: Foul Ball, location: 2F
1-1: Called Strike
1-2: Foul Ball, location: 2F
1-2: Fielders Choice at 2nd, 5-4 (Groundball, 5)
Bottom of the 2nd over - 0 runs, 1 hit, 0 errors, 2 left on base; Plumstead 2 - Lee's Summit 3
TOP OF THE 3RD
Plumstead Eagles batting - Pitching for Lee's Summit Tigers : RHP Armando Vargas
Batting: RHB José Acuña 0-0: Called Strike
0-1: Ball
1-1: Swinging Strike
1-2: Strikes out looking
Batting: RHB Wayne Workman 0-0: Foul Ball, location: 2F
0-1: Foul Ball, location: 2F
0-2: Ground out 6-3 (Groundball, 6)
Batting: LHB António Álvarez 0-0: Called Strike
0-1: Foul Ball, location: 2F
0-2: Fly out, F7 (Line Drive, 7S)
Top of the 3rd over - 0 runs, 0 hits, 0 errors, 0 left on base; Plumstead 2 - Lee's Summit 3
BOTTOM OF THE 3RD
Lee's Summit Tigers batting - Pitching for Plumstead Eagles : LHP Luis Hernández
Batting: LHB Víctor Piña 0-0: Swinging Strike
0-1: SINGLE (Line Drive, 4MD)
Batting: RHB Juan Rodríguez 0-0: Ball
1-0: Ball
2-0: 2-RUN HOME RUN (Flyball, 9D), Distance : 357 ft
Batting: LHB Claudio Jiménez 0-0: Foul Ball, location: 2F
0-1: Called Strike
0-2: Ball
1-2: Fly out, F9 (Flyball, 89D)
Batting: RHB Josh Martin 0-0: Ball
1-0: Foul Ball, location: 2F
1-1: Ground out 4-3 (Groundball, 4D)
Batting: SHB Enrique Bartoccini 0-0: Ball
1-0: Ball
2-0: Foul Ball, location: 2F
2-1: Ball
3-1: Ground out 4-3 (Groundball, 4MS)
Bottom of the 3rd over - 2 runs, 2 hits, 0 errors, 0 left on base; Plumstead 2 - Lee's Summit 5
TOP OF THE 4TH
Plumstead Eagles batting - Pitching for Lee's Summit Tigers : RHP Armando Vargas
Now in LF: Claudio Jiménez
Batting: LHB Conan Bush 0-0: Ball
1-0: Ball
2-0: SINGLE (Groundball, 4MD)
Batting: LHB Miguel Gamboa 0-0: Ball
1-0: Foul Ball, location: 2F
1-1: Foul Ball, location: 2F
1-2: Ball
2-2: Ball
3-2: SINGLE (Groundball, 34) (infield hit)
Conan Bush to second
Batting: LHB Joe Rutherford 0-0: Ball
1-0: Ball
2-0: Fielders Choice at 2nd, 3-6 (Groundball, 3)
Conan Bush to third
Batting: RHB Larry Johnson 0-0: Ball
1-0: Ball
2-0: Ball
3-0: Base on Balls
Joe Rutherford to second
Batting: RHB Jimmy Myers 0-0: Grounds into double play, 6-4-3 (Groundball, 6)
Top of the 4th over - 0 runs, 2 hits, 0 errors, 2 left on base; Plumstead 2 - Lee's Summit 5
BOTTOM OF THE 4TH
Lee's Summit Tigers batting - Pitching for Plumstead Eagles : LHP Luis Hernández
Batting: RHB José Deleón 0-0: Called Strike
0-1: Ball
1-1: Called Strike
1-2: Strikes out swinging
Batting: RHB William Flores 0-0: Called Strike
0-1: Foul Ball, location: 2F
0-2: Foul Ball, location: 2F
0-2: Foul Ball, location: 2F
0-2: Foul Ball, location: 2F
0-2: Foul Ball, location: 2F
0-2: Foul Ball, location: 2F
0-2: Ball
1-2: Reached on error, E6 (Groundball, 6)
Batting: LHB Brian Lawson 0-0: Ball
1-0: Foul Ball, location: 2F
1-1: Called Strike
William Flores is caught stealing 2nd base
1-2: Foul Ball, location: 2F
1-2: Strikes out swinging
Bottom of the 4th over - 0 runs, 0 hits, 1 error, 0 left on base; Plumstead 2 - Lee's Summit 5
TOP OF THE 5TH
Plumstead Eagles batting - Pitching for Lee's Summit Tigers : RHP Armando Vargas
Batting: LHB Roberto Alba 0-0: Ball
1-0: SOLO HOME RUN (Flyball, 9LD), Distance : 317 ft
Batting: RHB José Acuña 0-0: SINGLE (Flyball, 78M)
Batting: RHB Wayne Workman 0-0: Ball
1-0: Called Strike
José Acuña is caught stealing 2nd base
1-1: Ground out 5-3 (Groundball, 56)
Batting: LHB António Álvarez 0-0: Ball
1-0: Ground out U3 (Groundball, 3)
Top of the 5th over - 1 run, 2 hits, 0 errors, 0 left on base; Plumstead 3 - Lee's Summit 5
BOTTOM OF THE 5TH
Lee's Summit Tigers batting - Pitching for Plumstead Eagles : LHP Luis Hernández
Batting: RHB Tommy Smith 0-0: Foul Ball, location: 2F
0-1: Called Strike
0-2: Strikes out looking
Batting: LHB Víctor Piña 0-0: Ball
1-0: SOLO HOME RUN (Flyball, 89XD), Distance : 382 ft
Batting: RHB Juan Rodríguez 0-0: SINGLE (Line Drive, 6MD)
Batting: LHB Claudio Jiménez 0-0: Ball
1-0: Fielders Choice at 2nd, 5-4 (Groundball, 56)
Batting: RHB Josh Martin 0-0: Ball
1-0: 2-RUN HOME RUN (Flyball, 7LD), Distance : 328 ft
Batting: SHB Enrique Bartoccini 0-0: Ball
1-0: Called Strike
1-1: Swinging Strike
1-2: Strikes out swinging
Bottom of the 5th over - 3 runs, 3 hits, 0 errors, 0 left on base; Plumstead 3 - Lee's Summit 8
TOP OF THE 6TH
Plumstead Eagles batting - Pitching for Lee's Summit Tigers : RHP Armando Vargas
Batting: LHB Conan Bush 0-0: Ball
1-0: Foul Ball, location: 2F
1-1: Ball
2-1: Ball
3-1: Foul Ball, location: 2F
3-2: Foul Ball, location: 2F
3-2: Foul Ball, location: 2F
3-2: Foul Ball, location: 2F
3-2: Base on Balls
Batting: LHB Miguel Gamboa 0-0: Ball
1-0: Ball
2-0: SINGLE (Flyball, 9LS)
Conan Bush to second
Runner from 2nd tries for 3rd, SAFE, no throw
Batting: LHB Joe Rutherford 0-0: Called Strike
0-1: Called Strike
0-2: Foul Ball, location: 2F
0-2: Ball
1-2: Ball
2-2: Strikes out swinging
Batting: RHB Larry Johnson 0-0: Ball
1-0: DOUBLE (Flyball, 9D)
Conan Bush scores
Miguel Gamboa to third
Batting: RHB Jimmy Myers 0-0: Swinging Strike
0-1: Ball
1-1: Foul Ball, location: 2F
1-2: Ball
2-2: Strikes out looking
Batting: LHB Roberto Alba 0-0: Called Strike
0-1: Ground out 5-3 (Groundball, 56)
Top of the 6th over - 1 run, 2 hits, 0 errors, 2 left on base; Plumstead 4 - Lee's Summit 8
BOTTOM OF THE 6TH
Lee's Summit Tigers batting - Pitching for Plumstead Eagles : LHP Luis Hernández
Pitching: RHP Broderick Miller
Batting: RHB José Deleón 0-0: Ball
1-0: Foul Ball, location: 2F
1-1: Ball
2-1: Fly out, F9 (Flyball, 89M)
Batting: RHB William Flores 0-0: Ball
1-0: Ball
2-0: Ball
3-0: Foul Ball, location: 2F
3-1: Called Strike
3-2: SOLO HOME RUN (Flyball, 9LD), Distance : 318 ft
Batting: LHB Brian Lawson 0-0: Ball
1-0: Called Strike
1-1: Swinging Strike
1-2: Foul Ball, location: 2F
1-2: Ball
2-2: Strikes out swinging
Batting: RHB Tommy Smith 0-0: SINGLE (Groundball, 34D)
Batting: LHB Víctor Piña 0-0: Called Strike
0-1: Ball
1-1: Called Strike
1-2: Foul Ball, location: 2F
1-2: Fly out, F9 (Line Drive, 9)
Bottom of the 6th over - 1 run, 2 hits, 0 errors, 1 left on base; Plumstead 4 - Lee's Summit 9
TOP OF THE 7TH
Plumstead Eagles batting - Pitching for Lee's Summit Tigers : RHP Armando Vargas
Pitching: RHP Francisco Ramírez
Batting: RHB José Acuña 0-0: Ground out 6-3 (Groundball, 6M)
Batting: RHB Wayne Workman 0-0: Called Strike
0-1: Ball
1-1: Ground out 1-6-3 (Groundball, 15S)
Batting: LHB António Álvarez 0-0: Foul Ball, location: 2F
0-1: Ball
1-1: Called Strike
1-2: Fly out, F7 (Flyball, 7)
Top of the 7th over - 0 runs, 0 hits, 0 errors, 0 left on base; Plumstead 4 - Lee's Summit 9
BOTTOM OF THE 7TH
Lee's Summit Tigers batting - Pitching for Plumstead Eagles : RHP Broderick Miller
Batting: RHB Juan Rodríguez 0-0: Called Strike
0-1: Ball
1-1: SINGLE (Groundball, 6MD)
Batting: LHB Claudio Jiménez 0-0: Called Strike
0-1: Ball
1-1: Called Strike
1-2: Ball
2-2: Ball
3-2: Foul Ball, location: 2F
3-2: Strikes out swinging
Batting: RHB Josh Martin 0-0: Grounds into double play, 6-4-3 (Groundball, 6M)
Bottom of the 7th over - 0 runs, 1 hit, 0 errors, 0 left on base; Plumstead 4 - Lee's Summit 9
TOP OF THE 8TH
Plumstead Eagles batting - Pitching for Lee's Summit Tigers : RHP Francisco Ramírez
Now at C: Gerardo Romero
Now at 2B: Stephen Segura
Batting: LHB Conan Bush 0-0: Ground out U3 (Groundball, 34)
Batting: LHB Miguel Gamboa 0-0: Swinging Strike
0-1: Swinging Strike
0-2: Ball
1-2: Ball
2-2: Strikes out looking
Batting: LHB Joe Rutherford 0-0: Ball
1-0: Ball
2-0: Called Strike
2-1: Fly out, F8 (Flyball, 8LD)
Top of the 8th over - 0 runs, 0 hits, 0 errors, 0 left on base; Plumstead 4 - Lee's Summit 9
BOTTOM OF THE 8TH
Lee's Summit Tigers batting - Pitching for Plumstead Eagles : RHP Broderick Miller
Batting: SHB Enrique Bartoccini 0-0: Ball
1-0: Ball
2-0: Foul Ball, location: 2F
2-1: Swinging Strike
2-2: Ball
3-2: Fly out, F9 (Flyball, 89M)
Batting: RHB José Deleón 0-0: Ground out 5-3 (Groundball, 56)
Batting: RHB William Flores 0-0: Ball
1-0: Ground out 6-3 (Groundball, 6)
Bottom of the 8th over - 0 runs, 0 hits, 0 errors, 0 left on base; Plumstead 4 - Lee's Summit 9
TOP OF THE 9TH
Plumstead Eagles batting - Pitching for Lee's Summit Tigers : RHP Francisco Ramírez
Batting: RHB Larry Johnson 0-0: Ball
1-0: Swinging Strike
1-1: Fly out, F7 (Flyball, 7)
Batting: RHB Jimmy Myers 0-0: Foul Ball, location: 2F
0-1: Foul Ball, location: 2F
0-2: Ball
1-2: Strikes out looking
Batting: LHB Roberto Alba 0-0: Ball
1-0: Ball
2-0: Ground out U3 (Groundball, 3)
Top of the 9th over - 0 runs, 0 hits, 0 errors, 0 left on base; Plumstead 4 - Lee's Summit 9
Saturday, April 7th, 2018 - OOTP Baseball 18.8 Build 76